[Event "*** SCC Grand Prix: Titled Tuesday Blitz"]
[Site "Chess.com"]
[Date "2020.07.21"]
[Round "4"]
[White "LisikValera"]
[Black "kobemagic"]
[Result "1-0"]
[WhiteElo "2466"]
[BlackElo "2314"]
[TimeControl "180+1"]
[EndTime "10:38:37 PDT"]
[Termination "LisikValera won on time"]

1. d4 Nf6 2. c4 c5 3. d5 b5 4.
cxb5 a6 5. e3 d6 6. Nc3 g6 7.
Nf3 Bg7 8. e4 O-O 9. a4 Qa5 10. Bd2 Bg4 11. Be2 Nbd7 12. O-O Rfb8 13. b3 axb5 14. Nxb5 Qd8 15. Qc2 Ne8 16. Bc3 Nc7 17.
Bxg7 Kxg7 18. Rfe1 Bxf3 19. Qc3+ Kg8 20. Qxf3 Ne5 21.
Qc3 Nxb5 22. Bxb5 Qc8 23. f4 Ng4 24. Rad1 Qc7 25. h3 Nf6 26. e5 Nh5 27. Qf3 Ng7 28. g4 Qa5 29. Re2 Rxb5 30. axb5 Qxb5 31. exd6 exd6 32.
Rde1 Ra3 33. Re3 Ra2 34. R1e2 Ra1+ 35. Kf2 Qb4 36. Qe4 Qa3 37. Qe7 h6 38. Qf6 Qc1 39. Re1 Ra2+ 40. R3e2 Rxe2+ 41. Rxe2 Qb1 42. Qxd6 Qxb3 43. Qe5 Qxh3 44. d6 Qh2+ 45. Ke1 Qg1+ 46. Kd2 Ne6 47. d7 c4 48. d8=Q+ Nxd8 49. Qe8+ Kg7 50.
Qxd8 Qxg4 51. Qd4+ 1-0

[Event "*** SCC Grand Prix: Titled Tuesday Blitz"]
[Site "Chess.com"]
[Date "2020.07.21"]
[Round "4"]
[White "CroissantNeuf"]
[Black "monalize"]
[Result "1-0"]
[WhiteElo "2438"]
[BlackElo "2274"]
[TimeControl "180+1"]
[EndTime "10:38:37 PDT"]
[Termination "CroissantNeuf won on time"]

1. e4 c5 2. Nf3 d6 3. Bb5+ Nc6 4. O-O e6 5. c3 Bd7 6. d4 cxd4 7. cxd4 a6 8. Ba4 Nf6 9. d5 exd5 10. exd5 Ne7 11. Re1 Bxa4 12. Qxa4+ Qd7 13. Qd4 Qg4 14. Qb6 Qd7 15. Nc3 g6 16. Bf4 Rd8 17. Re2 Nh5 18. Bg5 f6 19. Bd2 Kf7 20. Nd4 Nc8 21. Qb3 Be7 22.
Rae1 Rde8 23. Ne6 Ng7 24. Ne4 Nf5 25. Bc3 h5 26. Qd1 Nb6 27. Qd3 Rc8 28. h3 h4 29. g4 hxg3 30. fxg3 Rhe8 31. Rf1 Nc4 32. g4 Nh4 33. Nxf6 Bxf6 34. Rxf6+ Kg8 35. Rxg6+ Nxg6 36. Qxg6+ 1-0

[Event "*** SCC Grand Prix: Titled Tuesday Blitz"]
[Site "Chess.com"]
[Date "2020.07.21"]
[Round "4"]
[White "S2PAc"]
[Black "David_Paravyan"]
[Result "1/2-1/2"]
[WhiteElo "2796"]
[BlackElo "3001"]
[TimeControl "180+1"]
[EndTime "10:38:38 PDT"]
[Termination "Game drawn by agreement"]

1. d4 Nf6 2. c4 g6 3. g3 Bg7 4. Bg2 O-O 5. Nf3 c5 6. O-O cxd4 7. Nxd4 d5 8. cxd5 Nxd5 9. Nb5 Be6 10. Nd4 Bc8 11.
Nb3 Nb4 12. Nc3 N8c6 13. Bf4 Bg4 14. a3 Qxd1 15. Raxd1 Nc2 16. Rd2 N2d4 17. Nxd4 Bxd4 18. Rfd1 Bxc3 19. bxc3 Rfd8 20. Bxc6 Rxd2 21. Rxd2 bxc6 22. f3 Be6 23. Rb2 Rd8 24. Kf2 f6 25. Be3 a5 26. Rb7 Rd7 27. Rb8+ Kf7 28. Ra8 Rd5 29. c4 Rh5 30. h4 Bxc4 31. Bd2 Rb5 32. Rxa5 Rb2 33. Ke1 Rb1+ 34. Kf2 Rb2 35. Ke1 Rb1+ 36. Kf2 Rh1 37. Kg2 Rd1 38. Bb4 Rd7 39. Kf2 h5 40.
Rc5 Bb5 1/2-1/2

[Event "*** SCC Grand Prix: Titled Tuesday Blitz"]
[Site "Chess.com"]
[Date "2020.07.21"]
[Round "4"]
[White "LyonBeast"]
[Black "EugeneRougon"]
[Result "1-0"]
[WhiteElo "3009"]
[BlackElo "2721"]
[TimeControl "180+1"]
[EndTime "10:38:38 PDT"]
[Termination "LyonBeast won by checkmate"]

1. d4 d6 2. e4 Nf6 3. Nc3 g6 4. Bf4 a6 5. Be2 Nc6 6. e5 Nd7 7. Nf3 Bg7 8. e6 fxe6 9. h4 e5 10. dxe5 Ndxe5 11. h5 Nxf3+ 12. Bxf3 Nd4 13. hxg6 hxg6 14.
Rxh8+ Bxh8 15. Be4 Bf5 16. Bxf5 Nxf5 17. Qg4 Bxc3+ 18. bxc3 Kf7 19. Qf3 e5 20. Bd2 Qh4 21. Qd5+ Kg7 22. O-O-O c6 23. Qe6 Qf6 24. Qb3 Qf7 25.
Qa3 Rh8 26. g4 Nh4 27. Qxd6 Nf3 28. Kb2 Re8 29. Be3 Qe7 30. Qd3 Rf8 31. Qe4 Qe6 32. g5 Rf5 33. Qb4 Qf7 34. Rd8 Nxg5 35. Qh4 Nh7 36. Bh6# 1-0

[Event "*** SCC Grand Prix: Titled Tuesday Blitz"]
[Site "Chess.com"]
[Date "2020.07.21"]
[Round "4"]
[White "LilRag"]
[Black "GregShahade"]
[Result "0-1"]
[WhiteElo "2497"]
[BlackElo "2705"]
[TimeControl "180+1"]
[EndTime "10:38:38 PDT"]
[Termination "GregShahade won by resignation"]

1. e4 e5 2. Nf3 Nc6 3. Bc4 Nf6 4.
Nc3 Nxe4 5. Nxe4 d5 6. Bd3 dxe4 7. Bxe4 Bd6 8. O-O O-O 9. d3 Re8 10. Ng5 g6 11. Bd5 Rf8 12. Ne4 Kg7 13. Qd2 Qh4 14.
g3 Qh5 15. Bxc6 bxc6 16. Nxd6 cxd6 17. Qg5 Qxg5 18. Bxg5 f6 19. Be3 Be6 20. b3 a6 21.
Rfe1 d5 22. d4 e4 23. Rac1 Rab8 24. Bf4 Rb7 25. Kg2 Kf7 26. h4 a5 27. c4 a4 28.
cxd5 Bxd5 29. bxa4 Ra8 30. Kg1 Rxa4 31. Be3 Rxa2 32.
Rb1 Rbb2 33. Rxb2 Rxb2 34. Ra1 Ke6 35. Ra8 Kf5 36. Rh8 h5 37. Rf8 Ra2 38. Bg5 Ra1+ 39. Kh2 e3 40. Rxf6+ Ke4 41. Rf4+ Kd3 42. g4 Rh1+ 43. Kg3 e2 0-1

[Event "*** SCC Grand Prix: Titled Tuesday Blitz"]
[Site "Chess.com"]
[Date "2020.07.21"]
[Round "4"]
[White "elohunter1999"]
[Black "frederiksvane"]
[Result "0-1"]
[WhiteElo "2482"]
[BlackElo "2675"]
[TimeControl "180+1"]
[EndTime "10:38:38 PDT"]
[Termination "frederiksvane won by resignation"]

1. e4 c5 2. Nf3 e6 3. d4 cxd4 4. Nxd4 a6 5. Bd3 Bc5 6. Nb3 Be7 7. Qg4 g6 8. Qe2 d6 9. O-O Nd7 10. Nc3 Qc7 11. Bd2 Ngf6 12. Bh6 Bf8 13. Qd2 Ne5 14. Bxf8 Kxf8 15. f4 Nxd3 16. cxd3 Kg7 17. Rac1 b5 18. Kh1 Qb6 19. e5 dxe5 20. fxe5 Nd7 21. Qf4 Rf8 22.
Ne4 Bb7 23. Nf6 Rad8 24. d4 Nxf6 25. exf6+ Kh8 26. Qh6 Rg8 27. Rc3 g5 28. Rh3 Be4 29. Nc5 Bg6 30. Qxg5 Rxd4 31. Qe5 Rd5 32. Qe3 Qxc5 33.
Qh6 Rh5 34. Rxh5 Qxh5 35. Qe3 Qd5 36. Rg1 Be4 37. h3 Bxg2+ 38. Kh2 Qd6+ 0-1

[Event "*** SCC Grand Prix: Titled Tuesday Blitz"]
[Site "Chess.com"]
[Date "2020.07.21"]
[Round "4"]
[White "Angel_Hranitel_37"]
[Black "Panterov"]
[Result "0-1"]
[WhiteElo "2388"]
[BlackElo "2168"]
[TimeControl "180+1"]
[EndTime "10:38:38 PDT"]
[Termination "Panterov won by checkmate"]

1. d4 d5 2. c4 c6 3. cxd5 cxd5 4. Bg5 Nc6 5. Nc3 h6 6. Bh4 Nf6 7. Bxf6 gxf6 8. e3 e6 9. g3 h5 10. h4 Qb6 11. Qd2 Bd7 12. Bg2 Na5 13. b3 Bb4 14. Nge2 Bb5 15. Rc1 Bxe2 16. Kxe2 Rc8 17. Qd3 O-O 18. Bf3 Rc6 19. Na4 Qc7 20. Rxc6 Qxc6 21. Bxh5 Rc8 22. Nc5 b6 23. Bxf7+ Kxf7 24. Qh7+ Ke8 25. Qh8+ Ke7 26. Qh7+ Kd6 27. Nd3 Qc2+ 28.
Kf3 Rc3 29. Qg8 Qxd3 30. Qd8+ Kc6 31. Qc8+ Kd6 32. Qe8 Qe4+ 33. Ke2 Rc2+ 34. Kd1 Qd3# 0-1

[Event "*** SCC Grand Prix: Titled Tuesday Blitz"]
[Site "Chess.com"]
[Date "2020.07.21"]
[Round "4"]
[White "petincash"]
[Black "Iljushin_Alexey"]
[Result "0-1"]
[WhiteElo "2351"]
[BlackElo "2688"]
[TimeControl "180+1"]
[EndTime "10:38:39 PDT"]
[Termination "Iljushin_Alexey won by checkmate"]

1. e4 c6 2. d4 d5 3. e5 Bf5 4. Bd3 Bxd3 5. Qxd3 e6 6. Ne2 Qa5+ 7. Nbc3 Qa6 8. Qg3 Nd7 9. O-O h5 10. h3 Ne7 11. a4 Nf5 12. Qf3 h4 13. Rb1 Bb4 14. Qg4 g6 15. Bg5 Rc8 16. Rfd1 Qb6 17. Na2 a5 18. c3 Be7 19. Bxe7 Kxe7 20. b4 axb4 21. cxb4 Qd8 22. Nac3 Kf8 23. Nf4 Kg7 24. Rd3 Qe7 25. a5 Kh6 26. Na4 Qg5 27. Qf3 Kg7 28. Nc5 Nxc5 29. bxc5 Rc7 30. Ne2 Ra8 31. Ra3 Qe7 32.
Qd3 Ra7 33. Nf4 Qg5 34. Ne2 Qh6 35. Kh2 Qh8 36. f4 Qa8 37. Qc3 Qd8 38. Rab3 Rd7 39.
Rb6 Qa8 40. R1b3 Rxa5 41. Rxb7 Rxb7 42. Rxb7 Rxc5 43. Qxc5 Qxb7 44. Nc3 Qa6 45. Nd1 Qf1 46. Qc2 Ng3 47. Qd2 Qh1# 0-1

[Event "*** SCC Grand Prix: Titled Tuesday Blitz"]
[Site "Chess.com"]
[Date "2020.07.21"]
[Round "4"]
[White "Eternauta2400"]
[Black "korkmaz16"]
[Result "1/2-1/2"]
[WhiteElo "2539"]
[BlackElo "2344"]
[TimeControl "180+1"]
[EndTime "10:38:39 PDT"]
[Termination "Game drawn by agreement"]

1. c4 c6 2. e4 d5 3. exd5 cxd5 4. d4 e6 5. Nc3 Nf6 6. Nf3 dxc4 7. Bxc4 Be7 8. O-O O-O 9. Re1 Nc6 10. a3 b6 11. d5 exd5 12. Nxd5 Nxd5 13. Qxd5 Bb7 14.
Qxd8 Raxd8 15. Bg5 Bxg5 16. Nxg5 h6 17. Nf3 Nd4 18.
Nxd4 Rxd4 19. b3 Bd5 20. Bxd5 Rxd5 21. Re7 Rfd8 22. g3 R8d7 23. Rae1 f6 24. R1e3 Kf8 25. Re8+ Kf7 26. Ra8 Kg6 27. Kg2 Rd3 28. Kf3 Rxe3+ 29. Kxe3 Rc7 30. Kd3 Kf5 31. f3 Rd7+ 32. Kc4 Rc7+ 33.
Kd4 Rd7+ 34. Kc4 Rc7+ 35. Kb4 a5+ 36. Ka4 Rc2 37. Rb8 Rc6 38. Kb5 Rc3 39. Ka4 Rc6 40. b4 axb4 41. axb4 Rd6 42. Kb5 Rd3 43. Rxb6 Rxf3 44. Kc4 g5 45. Rd6 Rf2 46. h3 Rf3 47. Rd3 Rxd3 48. Kxd3 Ke5 49. b5 f5 50. Kc4 Kd6 51.
Kd4 f4 52. gxf4 gxf4 53. Ke4 Kc5 54. Kxf4 Kxb5 55. h4 Kc6 56. Kf5 Kd7 57. Kf6 Ke8 58. Kg7 h5 1/2-1/2

[Event "*** SCC Grand Prix: Titled Tuesday Blitz"]
[Site "Chess.com"]
[Date "2020.07.21"]
[Round "4"]
[White "GracefulYear"]
[Black "Vision_64"]
[Result "0-1"]
[WhiteElo "2394"]
[BlackElo "2220"]
[TimeControl "180+1"]
[EndTime "10:38:39 PDT"]
[Termination "Vision_64 won by checkmate"]

1. d4 Nf6 2. c4 e6 3. Nf3 b6 4.
g3 Bb7 5. Bg2 c5 6. d5 exd5 7. cxd5 d6 8. O-O Nbd7 9. Nc3 g6 10.
e4 a6 11. Ne1 Bg7 12. Kh1 O-O 13. f4 b5 14. Nd3 Re8 15. Re1 b4 16. Nb1 a5 17. Nd2 Ba6 18. Qc2 Rc8 19. Nc4 Nb6 20.
Nxb6 Qxb6 21. Be3 Nxe4 22. Bxc5 Nxc5 23. Nxc5 Rxe1+ 24. Rxe1 Qxc5 25. Qa4 Qf2 26. Re8+ Rxe8 27. Qxe8+ Bf8 28. h3 Bf1 29. Bxf1 Qxf1+ 30. Kh2 Qf2+ 31. Kh1 Qxg3 32. a3 Qf3+ 33. Kg1 Qxd5 34. axb4 axb4 35. h4 Qd4+ 36. Kg2 Qxf4 37. b3 Qxh4 38. Kf3 Qh3+ 39. Ke4 Qxb3 40. Kd4 Qc3+ 41. Kd5 Qb3+ 42. Kd4 Qc3+ 43.
Kd5 b3 44. Qb8 Qf3+ 45. Kd4 Qf4+ 46. Kd5 Qe5+ 47. Kc6 Qc5+ 48. Kd7 Qf5+ 49. Kc6 Qe6 50. Kc7 Kg7 51. Kc6 d5+ 52. Kb5 b2 53. Ka4 Qc6+ 54. Ka5 Qc5+ 55. Ka6 Qa3+ 56. Kb6 Qb3+ 57. Kc6 Qxb8 58. Kd7 Qb7+ 59. Kd8 Be7+ 60. Ke8 Qc8+ 61. Kxe7 b1=Q 62. Kd6 Qb6+ 63. Ke5 Qce6+ 64. Kf4 Qd4+ 65. Kg5 Qef6# 0-1

[Event "*** SCC Grand Prix: Titled Tuesday Blitz"]
[Site "Chess.com"]
[Date "2020.07.21"]
[Round "4"]
[White "markberk"]
[Black "GoltsevDmitry2000"]
[Result "0-1"]
[WhiteElo "2343"]
[BlackElo "2570"]
[TimeControl "180+1"]
[EndTime "10:38:40 PDT"]
[Termination "GoltsevDmitry2000 won on time"]

1. Nf3 d5 2. g3 c6 3. Bg2 Nf6 4. c4 e6 5. O-O Nbd7 6. b3 Bd6 7. Bb2 O-O 8. d4 Ne4 9. Nfd2 f5 10. e3 a6 11. f3 Nxd2 12. Nxd2 b5 13. e4 Bb7 14. Qe2 Re8 15. Rae1 c5 16. cxd5 exd5 17. e5 cxd4 18. f4 Bc5 19. Qd3 g6 20. Nf3 Nf8 21. Bxd4 Ne6 22.
Kh1 Rc8 23. Rc1 Qb6 24. Bxc5 Rxc5 25. Rxc5 Qxc5 26. Qd2 Rc8 27. Rd1 Qc2 28. Kg1 Kf7 29. Qxc2 Rxc2 30. Rd2 Rc1+ 31. Kf2 Nc5 32. Nd4 Ke7 33.
Rc2 Rxc2+ 34. Nxc2 Ne6 35. Ke3 Kd7 36. b4 d4+ 37. Kf2 d3 38. Ne3 Bxg2 39. Nxg2 Nd4 40. a3 Nc2 41. Ne3 Nxa3 42. Nd1 Nc2 43. Nb2 Nxb4 44.
Ke3 Ke6 45. Nxd3 Nxd3 46. Kxd3 Kd5 47. Kc3 a5 48. Kb3 Kc5 49. Ka3 a4 0-1

[Event "*** SCC Grand Prix: Titled Tuesday Blitz"]
[Site "Chess.com"]
[Date "2020.07.21"]
[Round "4"]
[White "DonBroca"]
[Black "bsnsun"]
[Result "0-1"]
[WhiteElo "2086"]
[BlackElo "2384"]
[TimeControl "180+1"]
[EndTime "10:38:41 PDT"]
[Termination "bsnsun won on time"]

1. e4 d6 2. d4 g6 3. Nf3 Bg7 4. c3 a6 5. Be3 b5 6. g3 Bb7 7. Nbd2 e5 8. d5 Ne7 9. Bg2 h6 10. O-O f5 11. Nh4 O-O 12. exf5 gxf5 13. f4 e4 14. Nb3 Nxd5 15. Bd4 Bxd4+ 16. Qxd4 c5 17. Qd2 Qf6 18. Rad1 Nd7 19. Rfe1 N7b6 20. Nxf5 Qxf5 21.
Bxe4 Qf6 22. Qg2 Rae8 23. Rxd5 Bxd5 24. Bxd5+ Nxd5 25. Qxd5+ Kg7 26. Rd1 Re6 27. Nd2 Rfe8 28. Nf3 Re3 29. Nh4 Re1+ 30. Rxe1 Rxe1+ 31. Kf2 Qe6 32. Nf5+ Kh7 33. Qb7+ Kg6 34. Nh4+ Kf6 35. Qf3 Rb1 36. f5 Qe1+ 37. Kg2 Qh1+ 38. Kh3 Qxf3 39. Nxf3 Kxf5 0-1

[Event "*** SCC Grand Prix: Titled Tuesday Blitz"]
[Site "Chess.com"]
[Date "2020.07.21"]
[Round "4"]
[White "XDPS"]
[Black "TST2014"]
[Result "1-0"]
[WhiteElo "2732"]
[BlackElo "2512"]
[TimeControl "180+1"]
[EndTime "10:38:42 PDT"]
[Termination "XDPS won by resignation"]

1. e4 c5 2. Nf3 Nc6 3. Bb5 g6 4. Bxc6 dxc6 5. d3 Bg7 6. h3 Nf6 7. Nc3 Nd7 8. O-O e5 9. Nh2 O-O 10. f4 exf4 11. Bxf4 Ne5 12. Qd2 Be6 13. Bh6 Qh4 14.
Bg5 Qh5 15. Ne2 f6 16. Be3 b6 17. Nf4 Nc4 18. dxc4 Qe5 19. Nxe6 Qxe6 20. b3 Rad8 21. Qf2 Qxe4 22. Rae1 f5 23. Bxc5 Bd4 24. Bxd4 Qxd4 25. Qxd4 Rxd4 26. Nf3 Rd6 27. Rd1 Rfd8 28. Rxd6 Rxd6 29.
Re1 Kf7 30. Kf2 a6 31. Ne5+ Kf6 32. Nd3 b5 33. c5 Rd5 34. Kf3 g5 35. g4 h5 36. Re8 fxg4+ 37. hxg4 h4 38. Rc8 h3 39. Rxc6+ Kg7 40. Kg3 Rxd3+ 41. cxd3 h2 42. Kxh2 a5 43. d4 a4 44. d5 axb3 45. axb3 b4 46. Re6 Kf7 47.
c6 Kf8 48. c7 Kf7 49. Kg2 Kg7 50. Kf3 Kf7 51. Ke4 Kg7 52. Kd4 Kf7 53. Kc4 Kg7 54. Kxb4 Kf7 55. Kc5 Kg7 56. Kd4 Kf7 57. Ke5 Kg7 58.
Kf5 Kf7 59. Kxg5 Kg7 60. Kf5 Kf7 61. b4 Kg7 62. b5 Kf7 63. b6 Kg7 64. b7 Kf7 65.
b8=Q Kg7 1-0

[Event "*** SCC Grand Prix: Titled Tuesday Blitz"]
[Site "Chess.com"]
[Date "2020.07.21"]
[Round "4"]
[White "kasparicy"]
[Black "Nf3c5"]
[Result "1-0"]
[WhiteElo "2354"]
[BlackElo "2560"]
[TimeControl "180+1"]
[EndTime "10:38:42 PDT"]
[Termination "kasparicy won by resignation"]

1. e4 c5 2. Nf3 d6 3. d4 cxd4 4. Nxd4 Nf6 5. Nc3 a6 6. Qf3 g6 7. h3 Bg7 8. Be3 O-O 9. O-O-O Nbd7 10. g4 Nb6 11. Kb1 Nfd7 12. h4 Ne5 13. Qg3 Bxg4 14.
f3 Bh5 15. Rg1 Nbc4 16. Bxc4 Nxc4 17. Bc1 e6 18. b3 Qa5 19. Nce2 Na3+ 20. Bxa3 Qxa3 21.
Nf4 Be5 22. Qg5 Bxf4 23. Qxf4 Qc5 24. Rg5 e5 25. Qf6 exd4 26. Rxc5 dxc5 27. Rg1 Rae8 28.
Rg5 Re6 29. Qf4 b6 30. Rd5 Rfe8 31. Rd7 R6e7 32. Rxe7 Rxe7 33. Qb8+ Kg7 34. Qxb6 Bxf3 35. Qxa6 Rxe4 36. Qd6 Rxh4 37. a4 h5 38. a5 Rh1+ 39.
Kb2 h4 40. Qxc5 Rd1 41. Qe5+ Kg8 42. Qe8+ Kg7 43. Qe5+ Kh7 44. Qf4 Bd5 45. Qxh4+ Kg7 46. a6 Rd2 47. Qf4 Rd1 48. Qe5+ 1-0

[Event "*** SCC Grand Prix: Titled Tuesday Blitz"]
[Site "Chess.com"]
[Date "2020.07.21"]
[Round "4"]
[White "politeplayer"]
[Black "pfalcon1949"]
[Result "1-0"]
[WhiteElo "2209"]
[BlackElo "1993"]
[TimeControl "180+1"]
[EndTime "10:38:42 PDT"]
[Termination "politeplayer won by checkmate"]

1. d4 Nf6 2. Nf3 e6 3. e3 d5 4. Bd3 Be7 5. Nbd2 O-O 6. O-O b6 7. Ne5 Bb7 8. f4 Nbd7 9. Rf3 c5 10. c3 Ne4 11. Rh3 g6 12. Ndf3 f5 13. Nxd7 Qxd7 14. Ne5 Qc7 15. Bd2 Bf6 16. Bxe4 dxe4 17. g4 Rfd8 18.
Qb3 Bd5 19. c4 Bb7 20. Bc3 Bxe5 21. fxe5 Qe7 22. gxf5 gxf5 23. Kh1 Kh8 24. Rg1 Rg8 25.
Qd1 Rxg1+ 26. Qxg1 Rg8 27. Rg3 Qf7 28. d5 Rxg3 29.
Qxg3 Bc8 30. Qg5 Bd7 31. Qd8+ Be8 32. d6 Qd7 33. Qf6+ Kg8 34. Qg5+ Qg7 35. Qd8 Qd7 36. Qf6 Qf7 37. Qg5+ Qg7 38. d7 Bxd7 39. Qd8+ Qf8 40. Qxd7 Kh8 41. Qxe6 Qg7 42. Qe8+ Qg8 43. e6# 1-0

[Event "*** SCC Grand Prix: Titled Tuesday Blitz"]
[Site "Chess.com"]
[Date "2020.07.21"]
[Round "4"]
[White "OparinGrigoriy"]
[Black "KaterynaLagno"]
[Result "1-0"]
[WhiteElo "2941"]
[BlackElo "2738"]
[TimeControl "180+1"]
[EndTime "10:38:43 PDT"]
[Termination "OparinGrigoriy won on time"]

1. Nf3 Nf6 2. g3 g6 3. Bg2 Bg7 4. c4 d5 5. cxd5 Nxd5 6. d4 Nb6 7. O-O O-O 8. Nc3 Nc6 9. e3 Re8 10. h3 a5 11. d5 Ne5 12. Nxe5 Bxe5 13. e4 e6 14. Bh6 exd5 15. exd5 Nc4 16. Re1 Nd6 17. Qd2 Qf6 18. Bg5 Qg7 19. Bh6 Qf6 20. Re2 Bd7 21. Rae1 Bd4 22. Bg5 Qg7 23. Ne4 Bb5 24.
Bh6 Qh8 25. Nxd6 Rxe2 26. Rxe2 Bxe2 27. Nxf7 Kxf7 28. Qxe2 Re8 29. Qc4 b5 30. Qxc7+ Re7 31. Qf4+ Qf6 32. Qd2 a4 33. Bg5 Qe5 34. Bxe7 Kxe7 35.
b3 axb3 36. axb3 Bc3 37. Qd3 b4 38. Be4 Bd4 39. Kg2 Kf6 40. h4 Kg7 41. Bf3 Qf6 42.
Qe4 Qb6 43. Qe7+ Kh6 44. d6 Bxf2 45. d7 1-0

[Event "*** SCC Grand Prix: Titled Tuesday Blitz"]
[Site "Chess.com"]
[Date "2020.07.21"]
[Round "4"]
[White "Jumbo"]
[Black "GMKrikor"]
[Result "1-0"]
[WhiteElo "2862"]
[BlackElo "2719"]
[TimeControl "180+1"]
[EndTime "10:38:45 PDT"]
[Termination "Jumbo won by resignation"]

1. d4 Nf6 2. c4 g6 3. g3 Bg7 4. Bg2 d5 5. cxd5 Nxd5 6. Nf3 Nb6 7. Nc3 Nc6 8. O-O Nxd4 9. Nxd4 Qxd4 10. Nb5 Qc4 11.
Qb3 O-O 12. Qxc4 Nxc4 13. Nxc7 Rb8 14. Nd5 Be6 15. Bf4 Rbd8 16. Nxe7+ Kh8 17. Rac1 Bxb2 18. Rb1 Rfe8 19. Rxb2 Rxe7 20. Rxb7 Rxb7 21. Bxb7 Nb6 22. a3 Kg7 23. Rc1 Bd5 24. Ba6 Be6 25. f3 Nd5 26. Bd2 Rd7 27. Kf2 Nc7 28. Bc3+ Kf8 29. Bd3 Ke7 30. Bb4+ Ke8 31. g4 Kd8 32. Ba5 Kc8 33.
Ba6+ Kd8 34. h4 Bd5 35. g5 Be6 36. e4 Bb3 37. Ke3 Be6 38. Kf4 Bb3 39. Ke5 Be6 40. Kf6 1-0

[Event "*** SCC Grand Prix: Titled Tuesday Blitz"]
[Site "Chess.com"]
[Date "2020.07.21"]
[Round "4"]
[White "giantslayer83"]
[Black "ChessAurochs"]
[Result "1-0"]
[WhiteElo "2732"]
[BlackElo "2507"]
[TimeControl "180+1"]
[EndTime "10:38:46 PDT"]
[Termination "giantslayer83 won on time"]

1. d4 Nf6 2. Bg5 e6 3. Nd2 c5 4. e3 h6 5. Bh4 d5 6. Ngf3 Be7 7. c3 O-O 8. Bd3 b6 9. Ne5 Bb7 10. f4 Ne4 11. Bxe7 Qxe7 12. O-O Nd7 13. Nxd7 Qxd7 14. Bxe4 dxe4 15. dxc5 Qd3 16. Qe1 bxc5 17. Nb3 Qb5 18. f5 exf5 19. Rxf5 Rac8 20. Qg3 Qb6 21. Raf1 f6 22.
R1f2 Ba6 23. h3 Bd3 24. Kh2 a5 25. Nc1 a4 26. Ne2 Bxe2 27. Rxe2 Rcd8 28. Qf4 Qc6 29. Rf2 Rfe8 30. Qg4 Kh7 31. h4 Rd5 32. h5 Ree5 33. Qg6+ Kh8 34. Rxe5 Rxe5 35. Rf5 Qe6 36. Rxe5 Qxe5+ 37. Kh3 c4 38. g4 1-0

[Event "*** SCC Grand Prix: Titled Tuesday Blitz"]
[Site "Chess.com"]
[Date "2020.07.21"]
[Round "4"]
[White "Twitch_ElhamBlitz05"]
[Black "iaraldinho"]
[Result "0-1"]
[WhiteElo "2794"]
[BlackElo "2539"]
[TimeControl "180+1"]
[EndTime "10:38:47 PDT"]
[Termination "iaraldinho won by resignation"]

1. e4 c5 2. Nf3 a6 3. c3 d5 4.
exd5 Qxd5 5. d4 cxd4 6. cxd4 Nf6 7. Nc3 Qd6 8. Bc4 e6 9. O-O Be7 10. Re1 O-O 11. Bg5 b5 12. Bd3 Bb7 13. Qe2 Nc6 14. Bxf6 Bxf6 15. Ne4 Qe7 16. Nxf6+ Qxf6 17. Rad1 Rad8 18. Qe3 Nb4 19. Bb1 Nd5 20. Qe5 Qxe5 21. dxe5 Nf4 22. Rxd8 Rxd8 23. Be4 Bxe4 24. Rxe4 Nd3 25.
Re2 Nxb2 26. g4 Nc4 27. Kg2 h6 28. h4 Rd5 29. Re4 Nd2 30. Re2 Nxf3 31. Kxf3 Rd3+ 32. Ke4 Ra3 33. f4 Ra4+ 34. Kd3 Rxf4 35. Rg2 Rf3+ 36. Ke4 Ra3 37. Rc2 Kh7 38. Rg2 g6 39. Kd4 Kg7 40.
Kc5 Ra4 41. Kd6 Kf8 42. Kd7 Rd4+ 43. Kc6 Rd5 44. Kb6 Rxe5 45. Kxa6 Ke7 46. Kb6 b4 47. Rg3 Re4 48. Kb5 e5 49. Rb3 Rxg4 50. Rxb4 Rxb4+ 51. Kxb4 Kd6 52. Kb5 Kc7 53. Kc5 e4 54.
Kd4 f5 55. Ke5 e3 56. Kf6 0-1

[Event "*** SCC Grand Prix: Titled Tuesday Blitz"]
[Site "Chess.com"]
[Date "2020.07.21"]
[Round "4"]
[White "MihailNik"]
[Black "MergenKakabaev"]
[Result "1/2-1/2"]
[WhiteElo "2666"]
[BlackElo "2489"]
[TimeControl "180+1"]
[EndTime "10:38:47 PDT"]
[Termination "Game drawn by repetition"]

1. e4 e5 2. Nf3 Nc6 3. Bb5 a6 4. Ba4 Nf6 5. O-O Be7 6. Re1 b5 7. Bb3 d6 8. c3 O-O 9. h3 Na5 10. Bc2 c5 11. d3 Qc7 12. Nbd2 Bd7 13. Nf1 c4 14. d4 Nc6 15. Ng3 g6 16. Bh6 Rfb8 17.
d5 Nd8 18. Nh2 Ne8 19. f4 f6 20. f5 Nf7 21. Be3 Ng7 22. h4 a5 23. Rf1 b4 24.
fxg6 hxg6 25. Ng4 Qd8 26. h5 g5 27. h6 Bxg4 28. Qxg4 Nxh6 29. Qh3 Kh7 30. Bd1 Qc8 31.
Qh2 Kg6 32. Bh5+ Nxh5 33. Qxh5+ Kg7 34. Rf5 Qe8 35. Qh3 Qg6 36. Rf2 bxc3 37. bxc3 Rb7 38. Raf1 Rf8 39. Qe6 Qf7 40. Qh3 Qg6 41. Qe6 Qf7 42. Qh3 Qg6 1/2-1/2

[Event "*** SCC Grand Prix: Titled Tuesday Blitz"]
[Site "Chess.com"]
[Date "2020.07.21"]
[Round "4"]
[White "Lagmantr"]
[Black "axvesik"]
[Result "0-1"]
[WhiteElo "2624"]
[BlackElo "2482"]
[TimeControl "180+1"]
[EndTime "10:38:47 PDT"]
[Termination "axvesik won by resignation"]

1. e4 e6 2. d4 d5 3. Nc3 Bb4 4. e5 Ne7 5. a3 Bxc3+ 6. bxc3 c5 7. Qg4 cxd4 8. cxd4 Qc7 9. Bd2 Nbc6 10. c3 Nf5 11.
Bd3 Nce7 12. Ne2 Bd7 13. Ng3 O-O 14. Nh5 Ng6 15. h4 f6 16. exf6 gxf6 17. Nf4 Kf7 18. Qh5 Rg8 19. g4 Ne7 20. g5 f5 21.
Qxh7+ Rg7 22. Qh5 Rh8 23. Qf3 Nxh4 24. Qg3 Rgh7 25. Rxh4 Rxh4 26. g6+ Kg8 27. g7 R8h7 28. Nxd5 Qxg3 29. Nxe7+ Kxg7 30. fxg3 Rh1+ 31. Kf2 Bb5 32. Bf4 Rxa1 33. Bxb5 Kf7 34. Nc8 Rh2+ 35. Kf3 Rc2 36. Nd6+ Ke7 37. Nxb7 Rxc3+ 38. Be3 Raxa3 39. Nc5 Rxe3+ 40. Kf4 Rxg3 41. Nd3 Raxd3 42. d5 Rgf3+ 43. Ke5 Rd4 0-1

[Event "*** SCC Grand Prix: Titled Tuesday Blitz"]
[Site "Chess.com"]
[Date "2020.07.21"]
[Round "4"]
[White "Fischerev7"]
[Black "GelmanAlexander"]
[Result "1-0"]
[WhiteElo "2356"]
[BlackElo "2568"]
[TimeControl "180+1"]
[EndTime "10:38:48 PDT"]
[Termination "Fischerev7 won by resignation"]

1. e4 c5 2. Nf3 e6 3. d4 cxd4 4. Nxd4 a6 5. Nc3 b5 6. a3 Bb7 7.
Bd3 Qc7 8. O-O Nf6 9. Be3 h5 10. h3 Nc6 11. Nxc6 Bxc6 12. f4 d6 13. f5 e5 14. Qf3 Be7 15. Qf2 Qb7 16. Rae1 h4 17. Bg5 Bd8 18. Kh2 Rh5 19. Bxf6 Bxf6 20. Nd5 Bxd5 21. exd5 Rg5 22. Be4 Ke7 23. Re3 Rc8 24. b3 Qb6 25. Qd2 Qc5 26. Rff3 Qxa3 27. Rc3 Rxc3 28. Rxc3 Kd8 29. Qe3 Qa5 30. b4 Qxb4 31.
Qb6+ Ke7 32. Qb7+ Ke8 33. Rc8+ Bd8 34. Qc7 Rxg2+ 35. Bxg2 Qf4+ 36. Kg1 Qc1+ 37. Kf2 Qd2+ 38. Kf1 Qd1+ 39. Kf2 Qd2+ 40. Kg1 Qe1+ 41. Bf1 Qg3+ 42. Kh1 Qf3+ 43. Bg2 Qd1+ 44. Kh2 1-0

[Event "*** SCC Grand Prix: Titled Tuesday Blitz"]
[Site "Chess.com"]
[Date "2020.07.21"]
[Round "4"]
[White "AlexTriapishko"]
[Black "GigaQuparadze"]
[Result "0-1"]
[WhiteElo "2632"]
[BlackElo "2871"]
[TimeControl "180+1"]
[EndTime "10:38:49 PDT"]
[Termination "GigaQuparadze won on time"]

1. d4 Nf6 2. Nc3 d5 3. Bf4 g6 4.
e3 Bg7 5. Nb5 Na6 6. h3 O-O 7.
Nf3 c6 8. Nc3 Nc7 9. Be2 Ne6 10.
Be5 b6 11. O-O Bb7 12. a4 a5 13. Bd3 c5 14. Nb5 Bc6 15. b3 Qd7 16. Bh2 Qb7 17. Ne5 Be8 18. Re1 Ne4 19. Bxe4 dxe4 20. d5 Rd8 21. c4 f6 22. Qc2 Ng5 23. h4 Nh3+ 24. gxh3 fxe5 25. Qxe4 Rf5 26. Rad1 Bd7 27. Nc3 Rh5 28.
Bg3 Bxh3 29. d6 Qxe4 30. Nxe4 e6 31. f3 Bf5 32. Kg2 Rd7 33. Rd2 h6 34. Nc3 g5 35.
hxg5 Rxg5 36. Kf2 Rh5 37. Ne4 Bxe4 38. fxe4 Rg5 39. Bh4 Rg4 40. Be7 Bf8 41. Kf3 h5 42. Bxf8 Kxf8 43. Ke2 Rg2+ 44. Kd3 Rxd6+ 0-1